 Dungeon Crawl Stone Soup version 0.31-a0-986-g5e6e4ef867 (webtiles) character file.

Game seed: 12768635853768027791

74 Dittersdorf the Shield-Bearer (level 4, -1/35 HPs)
             Began as a Human Fighter on Nov 7, 2023.
             Slain by a jackal (3 damage)
             ... on level 4 of the Dungeon.
             The game lasted 00:02:49 (2508 turns).

Dittersdorf the Shield-Bearer (Human Fighter)       Turns: 2508, Time: 00:02:50

Health: -1/35      AC:  9    Str: 19    XL:     4   Next: 52%
Magic:  4/4        EV:  7    Int:  8    God:
Gold:   115        SH:  4    Dex: 12    Spells: 3/3 levels left

rFire   . . .        a - +0 long sword
rCold   . . .        c - +0 buckler
rNeg    . . .        e - +0 chain mail
rPois   .            (no helmet)
rElec   .            (no cloak)
rCorr   .            (no gloves)
SInv    .            (no boots)
Will    .....        (no amulet) Stlth
                     (no ring)
HPRegen 0.25/turn    (no ring)
MPRegen 0.09/turn

%: no passive effects
@: no status effects
A: no striking features
a: no special abilities


You were on level 4 of the Dungeon.
You visited 1 branch of the dungeon, and saw 4 of its levels.

You collected 115 gold pieces.

Inventory:

Hand Weapons
 a - a +0 long sword (weapon)
Missiles
 h - 9 poisoned darts (quivered)
Armour
 c - a +0 buckler (worn)
 e - a +0 chain mail (worn)
Wands
 l - a wand of quicksilver (3)
Scrolls
 b - 2 scrolls of revelation
 g - a scroll of teleportation
 j - 2 scrolls of immolation {unknown}
 m - a scroll of brand weapon
Potions
 d - 2 potions of might
 f - 2 potions of ambrosia
 n - a potion of curing


   Skills:
 + Level 3.5 Fighting
 + Level 2.7 Long Blades
 + Level 3.5 Armour
 + Level 3.5 Shields


You had 3 spell levels left.
You didn't know any spells.
Your spell library contained the following spells:

 Spells                   Type           Power      Damage    Failure   Level
 Sublimation of Blood     Necr           0%         N/A       100%        2
 Wereblood                Tmut           0%         N/A       100%        2
 Summon Hydra             Summ           0%         N/A       100%        7


Dungeon Overview and Level Annotations

Branches:
Dungeon (4/15)
 Temple: D:4-7

Altars:
Makhleb
Uskayaw

Shops:
D:4 ?


Message History

You are too injured to fight recklessly!
You are too injured to fight recklessly!
You are too injured to fight recklessly!
You are too injured to fight recklessly!
You are too injured to fight recklessly!
You are too injured to fight recklessly!
You are too injured to fight recklessly!
You are too injured to fight recklessly!
You are too injured to fight recklessly!
You are too injured to fight recklessly!
You are too injured to fight recklessly!
You are too injured to fight recklessly!
You are too injured to fight recklessly!
You are too injured to fight recklessly!
You are too injured to fight recklessly!
You are too injured to fight recklessly!
You are too injured to fight recklessly!
You are too injured to fight recklessly!
You are too injured to fight recklessly!
You closely miss the jackal. The jackal barely misses you.
The jackal bites you.
The hobgoblin hits you with a +0 war axe.
You block the jackal's attack.
You closely miss the jackal. The jackal closely misses you.
The jackal bites you but does no damage.
The hobgoblin hits you with a +0 war axe.
The jackal closely misses you. The jackal barely misses you.
You barely miss the jackal.
The jackal bites you but does no damage.
You block the hobgoblin's attack. You block the jackal's attack.
The jackal bites you but does no damage.
The hobgoblin closely misses you.
You closely miss the jackal.
The jackal is heavily wounded.
The jackal bites you but does no damage.
You block the jackal's attack. The jackal barely misses you.
The hobgoblin hits you with a +0 war axe!
* * * LOW HITPOINT WARNING * * *
The jackal bites you.
You die...

*,,,....*****,.h...,,,*
***,,...##**,,...>.,,*,
*,**#.g.,,,......,,**
*** #...##,....#.,,,,
**#..##$..$..,,,*
###....#....,,,*
#####...........,,,,
##...g.#..##....#,,,,
##.∩.@h.#...#*...#**,,
##...##h.....##...#*,,,
#....###........###**,,
#....)..........# *,*
#####........#.## ***
###..#..#### ##.....#
####.## *##


You could see 2 jackals and a hobgoblin.

Vanquished Creatures
  4 adders
  An orc (D:4)
  3 endoplasms
  2 giant cockroaches (D:2)
  2 hobgoblins
  3 jackals (D:2)
  4 quokkas
  4 ball pythons
  A bat (D:2)
  2 frilled lizards
  3 goblins (D:1)
  4 kobolds
  3 rats
36 creatures vanquished.

Notes
Turn   | Place    | Note
-------+----------+-------------------------------------------
     0 | D:1      | Dittersdorf the Human Fighter began the quest for the Orb.
     0 | D:1      | Reached XP level 1. HP: 18/18 MP: 1/1
   353 | D:1      | Reached XP level 2. HP: 24/24 MP: 2/2
   919 | D:2      | Reached XP level 3. HP: 26/29 MP: 3/3
  1184 | D:2      | You fall into a shaft and drop 1 floor!
  1837 | D:3      | Reached XP level 4. HP: 25/35 MP: 4/4
  1984 | D:3      | Found a burning altar of Makhleb.
  2271 | D:3      | Found a hide-covered altar of Uskayaw.
  2429 | D:4      | Found Xisuuj's Magic Scroll Shop.
  2508 | D:4      | Slain by a jackal

Illustrated notes

Levels and vault maps discovered:
D:1:      scummos_arrival_hexagon, layout_loops_ring, minmay_misc_feat_alley,
          nicolae_kite_square_tiling_tiny, minmay_misc_feat_cross
D:2:      layout_basic, serial_glass, glass_columns_b, glass_columns_b,
          feat_on_display, minmay_strange_pillars, due_unseen_surprise
D:3:      layout_basic, lemuel_coloured_pillars_altar, bloody_makhleb
D:4:      layout_cave_pools, serial_shops, shop

Action                     |  1- 3 |  4- 6 || total
---------------------------+-------+-------++-------
  Melee: Long sword        |    69 |    54 ||   123
    Use: Scroll            |       |     6 ||     6
 Armour: Chain mail        |    46 |    54 ||   100
         Scale mail        |     1 |       ||     1
  Dodge: Dodged            |    22 |    16 ||    38
  Block: Buckler           |    13 |    21 ||    34

Table legend: (Time is in decaauts)
 A = Elapsed time spent in this place.
 B = Non-inter-level travel time spent in this place.
 C = Inter-level travel time spent in this place.
 D = Time resting spent in this place.
 E = Time spent auto-exploring this place.
 F = Levels seen in this place.
 G = Mean time per level.
                   A        B        C        D        E       F      G
               +--------+--------+--------+--------+--------+-----+--------+
         Total |   2544 |   2400 |    144 |    111 |   1929 |   4 |  636.0 |
       Dungeon |   2544 |   2400 |    144 |    111 |   1929 |   4 |  636.0 |
               +--------+--------+--------+--------+--------+-----+--------+

Top non-repeatable levels by time:
     D:1: 842 daAuts
     D:3: 806 daAuts
     D:2: 784 daAuts
     D:4: 109 daAuts
